 Dungeon Sprint DCSS version 0.18-a0-1350-g404b4cb (webtiles) character file.

2297 Kidiri the Covert (level 9, 0/46 (47) HPs)
             Began as a Spriggan Enchanter on Feb 18, 2016.
             Was an Initiate of Dithmenos.
             Slain by a tentacle (25 damage)
             ... attached to a kraken
             ... in the Dungeon (Sprint II: "The Violet Keep of Menkaure").
             The game lasted 00:06:28 (891 turns).

Kidiri the Covert (Spriggan Enchanter)               Turns: 891, Time: 00:06:29

HP:   0/46 (47)     AC:  4    Str:  4    XL:     9   Next: 17%
MP:   15/25         EV: 32    Int: 18    God:    Dithmenos [......]
Gold: 252           SH:  0    Dex: 23    Spells: 7 memorised, 3 levels left

rFire  . . .     SeeInvis +     k - +1 dagger (elec)
rCold  . . .     Gourm    .     i - +1 robe of the Mind {*Contam rElec rPois}
rNeg   . . .     Faith    .     (shield restricted)
rPois  +         Spirit   .     (helmet restricted)
rElec  +         Dismiss  .     m - +0 cloak
rCorr  .         Reflect  .     (gloves unavailable)
SustAt .         Harm     .     (boots unavailable)
MR     +....     NoTele   +     (no amulet)
Stlth  +++++++...               (no ring)
                                a - +5 ring of dexterity

@: very quick, somewhat resistant to hostile enchantments, extremely stealthy
A: unfitting armour, see invisible, herbivore 3, speed 3, slow metabolism 2
a: Renounce Religion


You were in the Dungeon.
You worshipped Dithmenos.
Dithmenos was noncommittal.
You were not hungry.

You visited 1 branch You collected 1203 gold pieces.
You spent 951 gold pieces at shops.

Inventory:

Hand Weapons
 k - a +1 dagger of electrocution (weapon)
Armour
 i - the +1 robe of the Mind (worn) {*Contam rElec rPois}
   (You bought it in a shop in the Dungeon)

   It insulates you from electricity.
   It protects you from poison.
   It causes magical contamination when unequipped.
 m - a +0 cloak (worn)
Jewellery
 a - a +5 ring of dexterity (left hand)
Scrolls
 j - 3 scrolls of blinking
 n - a scroll of remove curse {unknown}
 o - a scroll of enchant weapon {unknown}
 q - 4 scrolls of identify {unknown}
 r - a scroll of magic mapping {unknown}
 s - 2 scrolls of enchant armour {unknown}
Potions
 b - a potion of lignification {unknown}
 e - a potion of curing
 f - 2 potions of heal wounds
 g - a potion of haste
 h - 5 potions of magic
 p - 3 potions of resistance {unknown}
 u - 4 potions of flight {unknown}
Books
 c - a book of Maledictions

   Spells                             Type                      Level
   a - Corona                         Hexes                        1
   b - Ensorcelled Hibernation        Hexes/Ice                    2
   c - Confuse                        Hexes                        3
   d - Tukima's Dance                 Hexes                        3
   e - Dazzling Spray                 Conjuration/Hexes            3
 l - a book of the Earth

   Spells                             Type                      Level
   a - Leda's Liquefaction            Hexes/Earth                  4
   b - Bolt of Magma                  Conjuration/Fire/Earth       5
   c - Statue Form                    Transmutation/Earth          6
   d - Iron Shot                      Conjuration/Earth            6
   e - Shatter                        Earth                        9
Comestibles
 d - 2 bread rations
 t - a slice of pizza


   Skills:
 + Level 5.1 Fighting
 + Level 6.9 Short Blades
 + Level 4.6 Armour
 * Level 12.7 Dodging
 * Level 13.9 Stealth
 * Level 11.0 Spellcasting
 + Level 3.2 Conjurations
 + Level 8.2 Hexes
 + Level 3.5 Ice Magic
 + Level 1.9 Earth Magic
 + Level 0.0 Invocations


You had 3 spell levels left.
You knew the following spells:

 Your Spells              Type           Power        Failure   Level  Hunger
a - Corona                Hex            #####..      1%          1    None
b - Ensorcelled Hibernat  Hex/Ice        ####..       1%          2    None
c - Confuse               Hex            #####...     1%          3    None
d - Tukima's Dance        Hex            #####...     1%          3    None
e - Dazzling Spray        Conj/Hex       ####....     1%          3    None
f - Iron Shot             Conj/Erth      ###.......   100%        6    ######.
g - Shatter               Erth           ###.......   100%        9    #######


Dungeon Overview and Level Annotations

Branches:
Dungeon (1/1)

Altars:
Cheibriados
Dithmenos
Elyvilon
Fedhas
Gozag
Kikubaaqudgha
Makhleb
Nemelex Xobeh
Okawaru
Pakellas
Qazlal
Ru
Sif Muna
Trog
Vehumet
Xom
Yredelemnul
Zin
The Shining One
Beogh
Jiyva
Lugonu

Shops:
D :[:(!}?}?=![[%[=

Annotations:
D exclusions: oklob plant and orange crystal statue


Innate Abilities, Weirdness & Mutations

You are tiny and cannot use many weapons and most armour.
You have supernaturally acute eyesight.
You are an herbivore.
You cover ground extremely quickly.
You need consume almost no food.


Message History

Casting: Dazzling Spray
Confirm with . or Enter, or press ? or * to list all spells.
Aiming: Dazzling Spray
Press: ? - help, Shift-Dir - straight line, f/p - kraken
Aim: a kraken (water, moderately wounded)
The spray of energy hits the tentacle.
The tentacle is heavily wounded.
The tentacle slaps you!! The tentacle closely misses you.
Unknown command.
You hit the tentacle but do no damage.
There is a sudden explosion of sparks!
The tentacle is severely wounded.
The tentacle completely misses you.
You barely miss the tentacle.
The tentacle is severely wounded.
A tentacle rises from the water!
The tentacle closely misses you.
You hit the tentacle but do no damage.
The tentacle is severely wounded.
The tentacle slaps you!!
Ouch! That really hurt!
You die...

#=§▓(.(...([▓▓
#}§▓...[)().▓▓
+.####§§▓.[.(..[.▓▓
...####▓...(....▓▓
#..##.#▓()..)(([▓▓
+..#..#▓..)..)(.▓▓
#..#).#▓(...(([[▓▓
###..##%#▓[..)....▓▓
§###...##▓▓▓▓▓▓▓@▓▓▓▓+▓
...≈≈≈≈≈≈≈≈≈≈≈≈≈.wwXw≈▓
§..≈#+########+###*≈w≈▓
≈..≈#....._._#t≈≈##≈≈≈▓
≈≈.≈#...._._.#≈≈≈§ ###▓
≈≈≈≈#..._._._#§≈§§
≈≈≈≈#.._._._.#§≈t§
≈≈≈≈#._._._._#§§§§
##≈§#.._._._.#§§§§


You could see a kraken and 4 tentacles.

Vanquished Creatures
  A siren (D)
  A yaktaur (D)
  2 boulder beetles (D)
  3 polar bears (D)
  A blink frog (D)
  Menkaure (D)
  4 necrophages (D)
  A wasp (D)
  4 worker ants (D)
  A tentacle (D)
19 creatures vanquished.

Vanquished Creatures (others)
  A crocodile (D)
  24 tentacle segments (D)
25 creatures vanquished.

Grand Total: 44 creatures vanquished

Notes
Turn   | Place    | Note
--------------------------------------------------------------
     0 | D        | Kidiri the Spriggan Enchanter began the quest for the Orb.
     0 | D        | Reached XP level 1. HP: 9/9 MP: 5/5
     1 | D        | Noticed a boulder beetle
     1 | D        | Noticed a boulder beetle
     4 | D        | Noticed a siren
     7 | D        | Noticed a necrophage
     7 | D        | Noticed a necrophage
     7 | D        | Noticed a necrophage
     7 | D        | Noticed a necrophage
    16 | D        | Killed a necrophage
    16 | D        | Reached skill level 1 in Fighting
    16 | D        | Reached skill level 1 in Armour
    16 | D        | Reached skill level 6 in Dodging
    16 | D        | Reached skill level 7 in Stealth
    16 | D        | Reached skill level 5 in Spellcasting
    16 | D        | Reached XP level 2. HP: 15/15 MP: 6/9
    16 | D        | Reached XP level 3. HP: 18/18 MP: 6/10
    16 | D        | Reached XP level 4. HP: 22/23 MP: 7/12
    20 | D        | Killed a necrophage
    20 | D        | Reached skill level 8 in Stealth
    20 | D        | Reached skill level 5 in Hexes
    20 | D        | Reached XP level 5. HP: 25/27 MP: 7/14
    27 | D        | Killed a necrophage
    27 | D        | Reached skill level 9 in Stealth
    37 | D        | Killed a necrophage
    37 | D        | Reached skill level 10 in Stealth
    37 | D        | Reached XP level 6. HP: 11/31 MP: 8/17
    41 | D        | Learned a level 2 spell: Ensorcelled Hibernation
    45 | D        | Learned a level 3 spell: Confuse
    49 | D        | Learned a level 3 spell: Tukima's Dance
    53 | D        | Learned a level 3 spell: Dazzling Spray
   236 | D        | Reached skill level 5 in Short Blades
   236 | D        | Reached skill level 1 in Ice Magic
   380 | D        | Killed a siren
   380 | D        | Reached skill level 10 in Dodging
   380 | D        | Reached skill level 11 in Stealth
   380 | D        | Reached skill level 1 in Conjurations
   380 | D        | Reached XP level 7. HP: 34/36 MP: 18/20
   411 | D        | Killed a boulder beetle
   411 | D        | Reached skill level 12 in Stealth
   430 | D        | Killed a boulder beetle
   430 | D        | Reached XP level 8. HP: 27/41 MP: 12/22
   433 | D        | Noticed an orange crystal statue
   435 | D        | Noticed Menkaure
   436 | D        | Found Manymaum's Antique Armour Shoppe.
   436 | D        | Found Erenume's Jewellery Emporium.
   437 | D        | Killed Menkaure
   453 | D        | Noticed an ice statue
   458 | D        | Found Retaqi's Armour Emporium.
   459 | D        | Found Konwidgh's Jewellery Emporium.
   459 | D        | Found Beme's Magic Scroll Shoppe.
   460 | D        | Noticed a blink frog
   462 | D        | Killed a blink frog
   462 | D        | Reached skill level 13 in Stealth
   462 | D        | Reached skill level 10 in Spellcasting
   466 | D        | Found Rauneki's Gadget Shoppe.
   466 | D        | Found Hesup's Food Emporium.
   468 | D        | Found Acuth's Distillery.
   469 | D        | Found Qint's Magic Scroll Shoppe.
   469 | D        | Found Qexkeviu's Gadget Emporium.
   469 | D        | Found Muovuuc's Antique Armour Shoppe.
   472 | D        | Found Puxzeul's Distillery.
   472 | D        | Found Toukla's Antique Weapon Shoppe.
   472 | D        | Noticed a great orb of eyes
   472 | D        | Noticed an oklob plant
   473 | D        | Found Xotouf's Antique Armour Shoppe.
   473 | D        | Found Amoodol's Book Shoppe.
   473 | D        | Found Quaggopias's Book Emporium.
   477 | D        | Noticed a polar bear
   478 | D        | Noticed a polar bear
   494 | D        | Bought a wizard robe for 142 gold pieces
   504 | D        | Identified the +1 robe of the Mind {*Contam rElec rPois} (You bought it in a shop in the Dungeon)
   516 | D        | Bought a runed dagger for 42 gold pieces
   520 | D        | Bought a book of the Earth for 650 gold pieces
   527 | D        | Learned a level 6 spell: Iron Shot
   533 | D        | Bought a cloak for 117 gold pieces
   581 | D        | Found a blossoming altar of Fedhas.
   582 | D        | Found a burning altar of Makhleb.
   583 | D        | Found a sparkling altar of Nemelex Xobeh.
   583 | D        | Found a deep blue altar of Sif Muna.
   583 | D        | Found an ancient bone altar of Kikubaaqudgha.
   584 | D        | Found a sacrificial altar of Ru.
   584 | D        | Found a radiant altar of Vehumet.
   584 | D        | Found a snail-covered altar of Cheibriados.
   585 | D        | Found a glowing golden altar of the Shining One.
   585 | D        | Found an iron altar of Okawaru.
   585 | D        | Found a white marble altar of Elyvilon.
   586 | D        | Found an oddly glowing altar of Pakellas.
   586 | D        | Found a glowing silver altar of Zin.
   587 | D        | Found a roughly hewn altar of Beogh.
   587 | D        | Found a bloodstained altar of Trog.
   587 | D        | Found a shimmering altar of Xom.
   587 | D        | Found a viscous altar of Jiyva.
   587 | D        | Noticed a polar bear
   588 | D        | Noticed a yaktaur
   594 | D        | Noticed a polar bear
   595 | D        | Killed a polar bear
   597 | D        | Reached skill level 1 in Earth Magic
   602 | D        | Noticed a polar bear
   603 | D        | Killed a polar bear
   606 | D        | Killed a polar bear
   606 | D        | Reached skill level 5 in Fighting
   606 | D        | Reached XP level 9. HP: 38/46 MP: 5/24
   615 | D        | Killed a yaktaur
   722 | D        | Learned a level 9 spell: Shatter
   725 | D        | Found a corrupted altar of Lugonu.
   725 | D        | Found a basalt altar of Yredelemnul.
   725 | D        | Found an opulent altar of Gozag.
   726 | D        | Found a stormy altar of Qazlal.
   726 | D        | Found a shadowy altar of Dithmenos.
   742 | D        | Became a worshipper of Dithmenos the Shadowed
   764 | D        | Noticed a kraken
   891 | D        | Slain by a tentacle

Vault maps used:
D:        the_violet_keep_of_menkaure

Action                   |  1- 3 |  4- 6 |  7- 9 || total
-------------------------+-------+-------+-------++-------
Melee: Dagger            |     7 |    25 |    40 ||    72
 Cast: Ensorcelled Hiber |       |     7 |     7 ||    14
       Confuse           |       |       |    10 ||    10
       Dazzling Spray    |       |       |     4 ||     4
  Use: Potion            |     1 |       |     1 ||     2
 Stab: Sleeping          |       |     5 |     5 ||    10
       Confused          |       |       |     6 ||     6
       Invisible         |       |       |     2 ||     2
